 Dungeon Crawl Stone Soup version 0.25-a0-248-g18654cfe15 (webtiles) character file.

Game seed: 16718562160530010965, levelgen mode: deterministic

38 Iskender the Firebug (level 3, 17/19 HPs)
             Began as a Kobold Fire Elementalist on Dec 4, 2019.
             Quit the game on level 2 of the Dungeon.
             The game lasted 00:07:54 (1395 turns).

Iskender the Firebug (Kobold Fire Elementalist)     Turns: 1395, Time: 00:07:55

Health: 17/19      AC:  2    Str:  2 (5)  XL:     3   Next: 65%
Magic:  6/6        EV: 30    Int: 16 (17) God:
Gold:   62         SH:  0    Dex: 12 (15) Spells: 2/6 levels left

rFire    . . .     SeeInvis .   (weapon restricted)
rCold    . . .     Gourm    .   (shield restricted)
rNeg     . . .     Faith    .   a - +0 robe
rPois    .         Spirit   .   (no helmet)
rElec    .         Reflect  .   (no cloak)
rCorr    .         Harm     .   (no gloves)
MR       .....                  (no boots)
Stlth    ++........             b - amulet of the acrobat
HPRegen  0.06/turn              (no ring)
MPRegen  0.10/turn              (no ring)

@: acrobat
A: small, carnivore
a: no special abilities


You were on level 2 of the Dungeon.
You were not hungry.

You visited 1 branch of the dungeon, and saw 2 of its levels.

You collected 62 gold pieces.

Inventory:

Armour
 a - a +0 robe (worn)
Jewellery
 b - an amulet of the acrobat (around neck)
Scrolls
 d - 2 scrolls of remove curse
 f - a scroll of teleportation {unknown}
 g - a scroll of identify {unknown}
 j - a scroll of immolation {unknown}
Potions
 e - a potion of degeneration
 h - a potion of haste {unknown}
 i - a potion of lignification {unknown}
 k - a potion of might {unknown}
Comestibles
 c - 3 rations


   Skills:
 - Level 2.4 Dodging
 - Level 2.6 Stealth
 - Level 2.4 Spellcasting
 + Level 2.9 Conjurations
 - Level 3.1 Fire Magic


You had 2 spell levels left.
You knew the following spells:

 Your Spells              Type           Power        Failure   Level  Hunger
d - Conjure Flame         Conj/Fire      ##......     17%         3    ###....
Z - Foxfire               Conj/Fire      ##..         6%          1    #......

Your spell library contained the following spells:

 Spells                   Type           Power        Failure   Level  Hunger
 Inner Flame              Hex/Fire       #.......     32%         3    ###....
 Sticky Flame             Conj/Fire      ##......     50%         4    #####..
 Fireball                 Conj/Fire      ##........   85%         5    ######.


Dungeon Overview and Level Annotations

Branches:
Dungeon (2/15)

Altars:


Innate Abilities, Weirdness & Mutations

You are small and have problems with some larger weapons.
You are carnivorous and can eat meat at any time.


Message History

Confirm with . or Enter, or press ? or * to list all spells.
You conjure some foxfire!
The adder misses you. The adder bites you.
The foxfire hits the adder.
You kill the adder!
Casting: Foxfire (safe; 6% risk of failure)
Confirm with . or Enter, or press ? or * to list all spells.
You conjure some foxfire!
The kobold misses you.
The foxfire hits the kobold.
You kill the kobold!
You see here an adder corpse.
You see here a +0 club.
There is an open door here.
You see here a stone.
k - a cyan potion You start resting.
Magic restored.
Okay, then.
Unknown command.
There is an open door here.
Are you sure you want to abandon this character and quit the game? (Confirm with "yes".)

########
#......#
####@####
#.......# #
#...♣...#
#.##..≈.≈..#
#..'.♣.≈)♣.+
......#..≈.≈..#
####.##...♣..$#
#. #......(#
####(####


There were no monsters in sight!

Vanquished Creatures
  An adder (D:2)
  3 dart slugs
  2 giant cockroaches (D:1)
  2 goblins
  2 hobgoblins (D:1)
  A quokka (D:2)
  3 bats (D:1)
  2 frilled lizards (D:1)
  5 kobolds
  4 rats
25 creatures vanquished.

Vanquished Creatures (others)
  58 foxfires
58 creatures vanquished.

Grand Total: 83 creatures vanquished

Notes
Turn   | Place    | Note
-------+----------+-------------------------------------------
     0 | D:1      | Iskender the Kobold Fire Elementalist began the quest for
                  | the Orb.
     0 | D:1      | Reached XP level 1. HP: 10/10 MP: 3/3
   178 | D:1      | Reached XP level 2. HP: 15/15 MP: 1/5
   743 | D:1      | Reached XP level 3. HP: 19/19 MP: 4/6
   876 | D:1      | Learned a level 3 spell: Conjure Flame
  1395 | D:2      | Quit the game

Levels and vault maps discovered:
D:1:      lightli_molten_gateway, layout_loops_ring
D:2:      layout_loops_ring, bloody_trog, first_ration,
          kennysheep_generic_room_10

Skill      XL: |  1  2 |
---------------+-------+-----
Conjurations   | 2 |  2.9
Dodging        | |  2.4
Stealth        | |  2.6
Spellcasting   | |  2.4
Fire Magic     | |  3.1

Action                   || total
-------------------------++-------
Melee: Unarmed           ||    13
 Cast: Foxfire           ||    44
       Conjure Flame     ||     4
  Use: Scroll            ||     1
       Potion            ||     1
  Eat: Chunk             ||     5
Armor: Robe              ||     5
Dodge: Dodged            ||    28

Table legend:
 A = Non-vault XP
 B = Vault XP
 C = Vault XP percentage of total XP
 D = Non-vault monster count
 E = Vault monster count
 F = Vault count percentage of total count
                 A         B        C        D         E       F
            +---------+---------+-------+---------+---------+-------
      Total |      51 |       4 |   7.3 |      23 |       2 |   8.0
            +---------+---------+-------+---------+---------+-------
        D:1 |      30 |       0 |   0.0 |      17 |       0 |   0.0
        D:2 |      21 |       4 |  16.0 |       6 |       2 |  25.0
            +---------+---------+-------+---------+---------+-------
